 Dungeon Crawl Stone Soup version 0.23.2-1-ga50397a6bc (webtiles) character file.

Game seed: 13685979358414472495

79 LabCoat the Chopper (level 4, -10/40 HPs)
             Began as a Hill Orc Fighter on May 24, 2019.
             Killed by divine providence
             ... invoked by an orc priest
              (11 damage)
             ... on level 3 of the Dungeon.
             The game lasted 00:07:53 (2423 turns).

LabCoat the Chopper (Hill Orc Fighter)              Turns: 2423, Time: 00:07:54

Health: -10/40     AC:  9    Str: 18    XL:     4   Next: 37%
Magic:  0/4        EV:  5    Int:  8    God:
Gold:   125        SH:  0    Dex: 11    Spells: 3/3 levels left

rFire    + . .     SeeInvis .   a - +0 war axe
rCold    x . .     Gourm    .   c - +0 shield
rNeg     . . .     Faith    .   m - +0 chain mail
rPois    .         Spirit   +   (no helmet)
rElec    .         Reflect  .   (no cloak)
rCorr    .         Harm     .   (no gloves)
MR       .....                  (no boots)
Stlth    ..........             n - amulet of guardian spirit
HPRegen  0.13/turn              e - ring of fire
MPRegen  0.09/turn              (no ring)

@: confused
A: no striking features
a: Convert to Beogh


You were on level 3 of the Dungeon.
You were not hungry.

You visited 1 branch of the dungeon, and saw 3 of its levels.

You collected 125 gold pieces.

Inventory:

Hand Weapons
 a - a +0 war axe (weapon)
 i - a +0 mace
 j - a +1 whip of venom
Armour
 c - a +0 shield (worn)
 m - a +0 chain mail (worn)
Jewellery
 e - a ring of fire (left hand)
 n - an amulet of guardian spirit (around neck)
Scrolls
 o - a scroll of immolation {unknown}
Potions
 b - 5 potions of lignification {unknown}
 d - a potion of might
 g - a potion of ambrosia {unknown}
 k - a potion of brilliance {unknown}
 l - a potion of curing {unknown}
Comestibles
 f - 8 rations
 h - a chunk of flesh


   Skills:
 + Level 3.9 Fighting
 * Level 4.7 Axes
 + Level 3.8 Armour
 + Level 3.8 Shields


You had 3 spell levels left.
You didn't know any spells.
Your spell library was empty.

Dungeon Overview and Level Annotations

Branches:
Dungeon (3/15)

Altars:
Yredelemnul
The Shining One


Message History

The orc priest looks braver for a moment.
You bump into the rock wall.
The orc wizard hits you but does no damage.
The orc priest shouts, "Beogh is our master!
Accept the truth or die!"
The orc priest completely misses you.
You hit the orc wizard.
The orc wizard is heavily wounded.
You miss the orc priest. The orc wizard completely misses you.
The orc priest hits you but does no damage.
You bump into the rock wall.
The orc wizard hits you with a +0 dagger.
* * * LOW HITPOINT WARNING * * *
The orc priest hits you with a +0 short sword.
* * * LOW HITPOINT WARNING * * *
The orc priest completely misses you.
The orc wizard hits you but does no damage.
You bump into the rock wall.
The orc priest invokes the aid of Beogh against you.
Beogh smites you!
You die...

........#... .#
........#o#.#####.###
...#....#.# ........
##......#.###.....####
.#..........).........
................>....
........#....)..%######.
............!.oo........
.............###@#...##
.......#.###.# #.# ..#
.#...#.... ... #.#
.......#. ##.#.#.#
........ ..# #.# .......
## #.. ###


You could see an orc priest and an orc wizard.

Vanquished Creatures
  2 adders (D:2)
  2 oozes (D:2)
  A worm (D:2)
  A dart slug (D:1)
  A leopard gecko (D:1)
  3 orcs
  2 ball pythons
  3 giant cockroaches
  2 hobgoblins
  4 jackals (D:1)
  4 kobolds
  A quokka (D:3)
  3 bats
  5 frilled lizards
  5 goblins
  7 rats
46 creatures vanquished.

Notes
Turn   | Place    | Note
-------+----------+-------------------------------------------
     0 | D:1      | LabCoat the Hill Orc Fighter began the quest for the Orb.
     0 | D:1      | Reached XP level 1. HP: 19/19 MP: 1/1
   195 | D:1      | Reached skill level 3 in Axes
   196 | D:1      | Reached XP level 2. HP: 8/27 MP: 2/2
   215 | D:1      | HP: 1/27 [poisoned by a kobold]
  1148 | D:2      | Reached XP level 3. HP: 27/33 MP: 3/3
  1287 | D:2      | Reached skill level 4 in Axes
  1631 | D:2      | Reached XP level 4. HP: 34/40 MP: 4/4
  2315 | D:3      | Found a glowing golden altar of the Shining One.
  2334 | D:3      | Found a basalt altar of Yredelemnul.
  2420 | D:3      | HP: 1/40 [orc priest/+0 short sword (3)]
  2423 | D:3      | Killed from afar by an orc priest

Skill      XL: |  1  2  3 |
---------------+----------+-----
Axes           | 3 4 |  4.7
Fighting       | |  3.9
Armour         | |  3.8
Shields        | |  3.8

Action                   |  1- 3 |  4- 6 || total
-------------------------+-------+-------++-------
Melee: War axe           |   132 |    45 ||   177
  Use: Potion            |     1 |       ||     1
       Scroll            |     2 |     1 ||     3
  Eat: Chunk             |     2 |     3 ||     5
Armor: Scale mail        |    57 |     2 ||    59
       Chain mail        |       |    34 ||    34
Dodge: Dodged            |    44 |    14 ||    58
Block: Shield            |    80 |    14 ||    94
